 Dungeon Crawl Stone Soup version 0.27.1-2-g3b301248ec (webtiles) character file.

Game seed: 661077928904626200

1123 pokedragonboy the Chopper (level 8, -5/51 HPs)
             Began as a Gargoyle Fighter on Sept 22, 2021.
             Killed from afar by a steam dragon (15 damage)
             ... with a ball of steam
             ... on level 5 of the Dungeon.
             The game lasted 00:08:23 (5007 turns).

pokedragonboy the Chopper (Gargoyle Fighter)        Turns: 5007, Time: 00:08:24

Health: -5/51      AC: 14    Str: 22    XL:     8   Next: 35%
Magic:  8/8        EV:  7    Int:  9    God:
Gold:   251        SH:  9    Dex:  9    Spells: 7/7 levels left

rFire    . . .     SeeInvis .   a - +0 war axe
rCold    . . .     Faith    .   c - +0 kite shield
rNeg     + . .     Spirit   .   k - +0 scale mail
rPois    ∞         Reflect  .   j - +0 helmet
rElec    +         Harm     .   (no cloak)
rCorr    .         Rampage  .   (no gloves)
Will     .....                  (no boots)
Stlth    ..........             (no amulet)
HPRegen  0.17/turn              (no ring)
MPRegen  0.11/turn              (no ring)

@: no status effects
A: sickness immunity, AC +5, negative energy resistance 1, electricity
resistance, torment resistance 1, petrification resistance
a: no special abilities


You were on level 5 of the Dungeon.
You visited 1 branch of the dungeon, and saw 5 of its levels.

You collected 251 gold pieces.

Inventory:

Hand Weapons
 a - a +0 war axe (weapon)
 b - a +3 vorpal mace
 h - a +2 whip of pain
Missiles
 g - 8 poisoned darts (quivered)
Armour
 c - a +0 kite shield (worn)
 j - a +0 helmet (worn)
 k - a +0 scale mail (worn)
Wands
 d - a wand of acid (8)
Scrolls
 m - a scroll of silence
Potions
 e - 2 potions of brilliance
 i - a potion of attraction
 n - a potion of haste


   Skills:
 + Level 6.2 Fighting
 * Level 6.4 Axes
 + Level 6.2 Armour
 - Level 3.2 Shields


You had 7 spell levels left.
You didn't know any spells.
Your spell library was empty.

Dungeon Overview and Level Annotations

Branches:
Dungeon (5/15)
 Temple: D:4-7

Altars:
Sif Muna

Annotations:
D:2 1 runed translucent door, Crazy Yiuf


Innate Abilities, Weirdness & Mutations

You are immune to sickness and miasma.
Your stone body is resilient. (AC +5)
You are immune to poison.
You resist negative energy. (rN+)
You are resistant to electric shocks. (rElec)
You are resistant to unholy torment.
You are immune to petrification.


Message History

A steam dragon comes into view.
Found a ring mail.
The steam dragon breathes steam at you. The ball of steam hits you!
The steam dragon moves out of view.
You are engulfed in a cloud of scalding steam.
You are engulfed in a cloud of scalding steam.
You barely miss the steam dragon. The steam dragon breathes steam at you.
The ball of steam hits you! You block the steam dragon's attack.
The steam dragon claws you but does no damage.
You hear a shout! x2; You hear an angry growl.
You slash the steam dragon!
The steam dragon is moderately wounded.
You are engulfed in a cloud of scalding steam.
The steam dragon bites you but does no damage.
You block the steam dragon's attack.
You closely miss the steam dragon.
The steam dragon is moderately wounded.
The steam dragon bites you.
The steam dragon claws you but does no damage.
The steam dragon bites you. The steam dragon barely misses you.
You barely miss the steam dragon.
The steam dragon is moderately wounded.
An orc comes into view. It is wielding a +0 club.
The steam dragon breathes steam at you. The ball of steam hits you!
You slash the steam dragon!
The steam dragon is heavily wounded.
You are engulfed in a cloud of scalding steam.
The steam dragon bites you!
* * * LOW HITPOINT WARNING * * *
The steam dragon barely misses you.
You barely miss the steam dragon.
The steam dragon is heavily wounded.
The steam dragon bites you but does no damage.
You block the steam dragon's attack.
The orc is engulfed in a cloud of scalding steam.
The steam dragon breathes steam at you. The ball of steam hits you!
You die...

....##.....#.##.#
#.#.##.###.#.##.# #.#.##
# #.#..# #.#.##.###
#.#.## #..........#.#.#
#......#### #.# #.#.####
##§## #.#.# ##.#.§.##
....# #.....§@# #.###
#..#..oD##
#.##...........#§.§§D...
.....# ###..####.##....[
#.#### #.. ... ###. #.#
#.# ./[## #.# #.# .##.#
#.# #.##.##.# #.#
#.##.##.#


You could see a steam dragon (catching breath) and an orc.

Vanquished Creatures
  Grinder (D:4)
  Sigmund (D:3)
  A black bear (D:4)
  A necrophage (D:5)
  A centaur (D:4)
  A kobold brigand (D:3)
  A scorpion (D:4)
  A centaur skeleton (D:4)
  2 orc priests (D:5)
  A bullfrog skeleton (D:5)
  2 orc wizards
  A hound skeleton (D:4)
  Robin (D:2)
  3 gnolls (D:4)
  3 adders
  A howler monkey skeleton (D:5)
  A dart slug (D:1)
  6 orcs
  9 ball pythons
  7 bats
  6 endoplasms
  5 giant cockroaches
  15 goblins
  11 hobgoblins
  6 jackals
  15 kobolds
  3 quokkas
  2 rats (D:2)
108 creatures vanquished.

Vanquished Creatures (others)
  A necrophage (D:4)
  A gnoll (D:4)
  5 plants (D:1)
7 creatures vanquished.

Grand Total: 115 creatures vanquished

Notes
Turn   | Place    | Note
-------+----------+-------------------------------------------
     0 | D:1      | pokedragonboy the Gargoyle Fighter began the quest for the
                  | Orb.
     0 | D:1      | Reached XP level 1. HP: 14/14 MP: 1/1
    70 | D:1      | Reached XP level 2. HP: 19/19 MP: 2/2
   396 | D:1      | Reached XP level 3. HP: 23/23 MP: 3/3
  1502 | D:2      | Reached XP level 4. HP: 29/29 MP: 4/4
  1748 | D:2      | Noticed Robin
  1803 | D:2      | Killed Robin
  2286 | D:2      | Found a runed translucent door.
  2287 | D:2      | Noticed Crazy Yiuf
  2383 | D:3      | Noticed Sigmund
  2392 | D:3      | Killed Sigmund
  2393 | D:3      | Reached XP level 5. HP: 18/34 MP: 5/5
  2393 | D:3      | Reached XP level 6. HP: 21/39 MP: 6/6
  3205 | D:4      | Noticed Grinder
  3228 | D:4      | Killed Grinder
  3229 | D:4      | Reached skill level 5 in Fighting
  3229 | D:4      | Reached skill level 5 in Axes
  3229 | D:4      | Reached skill level 5 in Armour
  3229 | D:4      | Reached XP level 7. HP: 8/44 MP: 7/7
  3908 | D:4      | Found a shimmering blue altar of Sif Muna.
  4138 | D:5      | Entered Level 5 of the Dungeon
  4295 | D:4      | Reached XP level 8. HP: 20/51 MP: 8/8
  5007 | D:5      | Killed from afar by a steam dragon

Illustrated notes

Levels and vault maps discovered:
D:1:      zelgadis_glass_arrival_small, layout_basic, chequers_big_river
D:2:      layout_basic, uniq_robin, uniq_crazy_yiuf_cottage
D:3:      cheibrodos_thug_alley, layout_loops_ring,
          kennysheep_decorative_pillar, uniq_sigmund
D:4:      layout_rooms, kennysheep_orc_sif_temple, uniq_grinder
D:5:      layout_loops_ring, uniq_pikel

Skill      XL: |  1  2  3  4  5  6  7  8 |
---------------+-------------------------+-----
Axes           | 2 4 5 6 |  6.4
Armour         | 4 5 6 |  6.2
Fighting       | 4 5 6 |  6.2
Shields        | |  3.2

Action                   |  1- 3 |  4- 6 |  7- 9 || total
-------------------------+-------+-------+-------++-------
Melee: War axe           |   103 |   153 |   129 ||   385
  Use: Potion            |       |     4 |     1 ||     5
       Scroll            |       |       |     3 ||     3
 Stab: Invisible         |       |       |     3 ||     3
Armor: Scale mail        |    64 |    91 |    88 ||   243
       Skin              |       |     2 |       ||     2
Dodge: Dodged            |    41 |    48 |    47 ||   136
Block: Kite shield       |    61 |    88 |    78 ||   227
